 Dungeon Crawl Stone Soup version 0.31.0-1-g2c135a008e (webtiles) character file.

Game seed: 6250206876088852511

44 qw the Shooter (level 3, -1/29 HPs)
             Began as a Djinni Hunter on Jan 24, 2024.
             Splashed by a jelly's acid (6 damage)
             ... on level 2 of the Dungeon.
             The game lasted 00:00:05 (1303 turns).

qw the Shooter (Djinni Hunter)                      Turns: 1303, Time: 00:00:05

Health: -1/29      AC:  2    Str: 10    XL:     3   Next: 87%
Gold:   55         EV: 12    Int: 10    God:
                   SH:  0    Dex: 18

rFire   + + .        a - +0 shortbow
rCold   x . .        (shield currently unavailable)
rNeg    . . .        c - +0 leather armour
rPois   inf          d - +1 hat
rElec   .            (no cloak)
rCorr   .            e - +1 pair of gloves
SInv    .            (boots unavailable)
Will    .....        (no amulet)
Stlth   ++           (no ring)
HPRegen 0.24/turn    (no ring)
MPRegen 0.00/turn

%: infuse magic (-2 HP)
@: corroded, flying
A: sickness immunity, fire resistance 2, cold vulnerability 1, float, innate
caster, HP casting, extra vitality 1
a: no special abilities


You were on level 2 of the Dungeon.
You visited 1 branch of the dungeon, and saw 2 of its levels.

You collected 55 gold pieces.


Innate Abilities, Weirdness & Mutations

You are immune to sickness and miasma.
You are immune to poison.
Your flesh is very heat resistant. (rF++)
You are vulnerable to cold. (rC-)
You float through the air rather than walking.
You learn spells naturally, not from books.
Your magical power is your life essence.
You have superior vitality. (+4 MHP)


   Skills:
 + Level 2.7 Fighting
 - Level 4.0 Ranged Weapons
 - Level 2.1 Dodging
 - Level 0.7 Stealth


You knew the following spells:

 Your Spells              Type           Power      Damage    Failure   Level
a - Magic Dart            Conj           0%         1d3       45%         1
Your spell library was empty.

Inventory:

Hand Weapons
 a - a +0 shortbow (weapon)
Armour
 c - a +0 leather armour (worn)
 d - a +1 hat (worn)
 e - a +1 pair of gloves (worn)
Scrolls
 f - 2 scrolls of identify
Potions
 b - a potion of brilliance {unknown}

Dungeon Overview and Level Annotations

Branches:
Dungeon (2/15)

Altars:
Ashenzari
Qazlal
Ru
Yredelemnul
Zin


Message History

Enter note:
Enter note:
1289 ||| RETREEEEATING.
The endoplasm quivers.
There is an open door here.
1291 ||| RETREEEEATING.
There is an open door here.
1293 ||| RETREEEEATING.
The endoplasm barely misses you.
There is an open door here.
1295 ||| RETREEEEATING.
Something hits the toadstool but does no damage.
The endoplasm freezes you.
You are frozen.
You feel a terrible chill!
You shoot an arrow. The arrow hits the endoplasm.
The endoplasm is moderately wounded.
The endoplasm hits you but does no damage.
You shoot an arrow. The arrow hits the endoplasm!
You kill the endoplasm!
You shoot an arrow. The arrow hits the endoplasm.
The endoplasm is heavily wounded.
The endoplasm hits you.
You shoot an arrow. The arrow hits the endoplasm.
The endoplasm is severely wounded.
The endoplasm freezes you.
You are frozen!
You feel a terrible chill!
You shoot an arrow. The arrow hits the endoplasm.
You kill the endoplasm!
The jelly hits you. The acid corrodes you!
You are splashed with acid!
You shoot an arrow. The arrow hits the jelly.
The jelly is heavily wounded.
The jelly hits you but does no damage.
You shoot an arrow.
The arrow hits the jelly but does no damage.
The jelly is heavily wounded.
The jelly closely misses you.
You shoot an arrow. The arrow hits the jelly.
The jelly is heavily wounded.
The jelly hits you.
You are splashed with acid.
You die...

...+...#.....#############.......
...##.########### #.....##
..###.# #######.##JJ...)##.....##
......###....#.#.#PP....##.......
..###.##.....#.#.#..J...##.......
....#.)......#'#.#_._.%_##.......
......)...(....#.#.%%..J##.##.##.
....#.'.)...(..#)#J.__%_##.##.##.
....#.##.......#@#..J...##.##.##.
..#######......##J.PPP%P##.......
..# ##########.....%###......
..############ ####### #...##.
.............##############...##.
............[...............<....
...........#.......##...##.......
...........#........#...##.#...##
..##................#...##.#...##


You could see a jelly.

Vanquished Creatures
  A dart slug (D:1)
  4 ribbon worms (D:2)
  2 ball pythons
  7 endoplasms
  A goblin (D:1)
  2 hobgoblins
  3 jackals (D:1)
  A bat (D:1)
  2 frilled lizards (D:1)
  6 kobolds
  2 rats (D:2)
31 creatures vanquished.

Notes
Turn   | Place    | Note
-------+----------+-------------------------------------------
     0 | D:1      | qw the Djinni Hunter began the quest for the Orb.
     0 | D:1      | Reached XP level 1. HP: 18/18 MP: 0/0
     0 | D:1      | 0 ||| qw: Version: 0.3-a-136-gdd3b4e8
     0 | D:1      | 0 ||| qw: Game counter: 1343
     0 | D:1      | 0 ||| qw: Melee chars always use a shield: true
     0 | D:1      | 0 ||| qw: God list: Okawaru
     0 | D:1      | 0 ||| qw: Allow faded altars: false
     0 | D:1      | 0 ||| qw: Do Orc after clearing Dungeon:15 true
     0 | D:1      | 0 ||| qw: Do second Lair branch before Depths: true
     0 | D:1      | 0 ||| qw: Lair rune preference: random
     0 | D:1      | 0 ||| qw: Goals: Normal
     0 | D:1      | 0 ||| PLANNING D:1-11
    57 | D:1      | Found a faded altar of an unknown god.
   304 | D:1      | Reached XP level 2. HP: 23/23 MP: 0/0
   799 | D:1      | 799 ||| UPGRADING to +1 hat.
   804 | D:1      | 804 ||| UPGRADING to +0 pair of gloves.
   809 | D:1      | 809 ||| READING scroll labelled PENOXKI SOAMEP.
   809 | D:1      | 809 ||| IDENTIFYING glowing white potion
   810 | D:1      | 810 ||| READING scroll labelled LANAGG ZUCOS.
   811 | D:1      | 811 ||| READING scroll labelled TIYROD QALO.
   811 | D:1      | 811 ||| ENCHANTING +0 pair of gloves.
   812 | D:1      | 812 ||| DROPPING scroll of butterflies.
   813 | D:1      | 813 ||| DROPPING potion of attraction.
   959 | D:2      | Reached skill level 4 in Ranged Weapons
   959 | D:2      | Reached XP level 3. HP: 28/28 MP: 0/0
   959 | D:2      | Learned a level 1 spell: Magic Dart
  1080 | D:2      | Identified the +1 chain mail of Distant Shores {*Corrode
                  | rPois Regen+ SInv}
  1288 | D:2      | Found a basalt altar of Yredelemnul.
  1288 | D:2      | Found a glowing silver altar of Zin.
  1288 | D:2      | Found a broken altar of Ashenzari.
  1288 | D:2      | Found a stormy altar of Qazlal.
  1288 | D:2      | Found a sacrificial altar of Ru.
  1289 | D:2      | 1289 ||| RETREEEEATING.
  1291 | D:2      | 1291 ||| RETREEEEATING.
  1293 | D:2      | 1293 ||| RETREEEEATING.
  1295 | D:2      | 1295 ||| RETREEEEATING.
  1300 | D:2      | HP: 6/29 [acid (7)]
  1303 | D:2      | Splashed by a jelly's acid

Levels and vault maps discovered:
D:1:      wander_arrival_desolate, layout_basic,
          hellmonk_ecumenical_altar_blasted
D:2:      cheibrodos_fertilizer, layout_basic

Skill      XL: |  1  2 |
---------------+-------+-----
Ranged Weapons | 4 |  4.0
Fighting       | |  2.7
Dodging        | |  2.1
Stealth        | |  0.7

Action                     || total
---------------------------++-------
   Fire: Shortbow          ||    98
    Use: Scroll            ||     3
 Armour: Leather armour    ||    35
  Dodge: Dodged            ||    30

Table legend:
 A = Non-vault XP
 B = Vault XP
 C = Vault XP percentage of total XP
 D = Non-vault monster count
 E = Vault monster count
 F = Vault count percentage of total count
                 A         B        C        D         E       F
            +---------+---------+-------+---------+---------+-------
      Total |      47 |      17 |  26.6 |      21 |      10 |  32.3
            +---------+---------+-------+---------+---------+-------
        D:1 |      22 |       0 |   0.0 |      12 |       0 |   0.0
        D:2 |      25 |      17 |  40.5 |       9 |      10 |  52.6
            +---------+---------+-------+---------+---------+-------
